[ AOE2 MATCH · #506780010 ]
UnrankedJapanese vs Byzantines
Player's team · WIN
[ REPLAY ANALYSIS · EXTRACTED FROM THE RECORDED GAME ]
Feudal
8:51
Castle
21:55
Imperial
—
| APM avg | 76.8 |
| APM peak | 108 |
| eAPM avg | 36.4 |
| Villagers / military | 70 / 43 |
Focus
⚔️ 61.4% · 🌾 38.6%
Skirmisher ×37 · Militia ×3 · Knight ×2 · Archer ×1
Feudal
9:18
Castle
22:37
Imperial
—
| APM avg | 74.5 |
| APM peak | 104 |
| eAPM avg | 28.8 |
| Villagers / military | 57 / 69 |
Focus
⚔️ 41.3% · 🌾 58.7%
Skirmisher ×47 · Archer ×19 · Spearman ×3
Match map
Initial resources + every placement click. Lines = walls · curves = elevation contours. ◆ gold · ⬟ stone · ● berries · ✦ relic · ◌ wall gap
Your base· Open — unwalled flank
nW | Manuel's base· Open — 2t gap
Smoothed initial terrain · ◌ = detected wall gap · hover for details
Inputs per minute
— DS_VarVa - - nW | Manuel
Build order — DS_VarVa
First 150 of 189 actions detected
| 0:01 | Create | Villager (Male) |
| 0:01 | Create | Villager (Male) |
| 0:01 | Create | Villager (Male) |
| 0:02 | Build | House |
| 0:04 | Build | House |
| 0:06 | Create | Villager (Male) |
| 1:11 | Create | Villager (Male) |
| 1:49 | Create | Villager (Male) |
| 2:15 | Create | Villager (Male) |
| 2:37 | Build | Lumber Camp |
| 2:45 | Create | Villager (Male) |
| 2:55 | Create | Villager (Male) |
| 2:59 | Build | House |
| 3:12 | Create | Villager (Male) |
| 3:28 | Create | Villager (Male) |
| 3:55 | Create | Villager (Male) |
| 4:21 | Create | Villager (Male) |
| 4:23 | Create | Villager (Male) |
| 5:22 | Create | Villager (Male) |
| 5:22 | Research | Loom |
| 5:29 | Build | Barracks |
| 5:46 | Build | House |
| 6:20 | Build | Mining Camp |
| 6:39 | Research | Feudal Age |
| 6:52 | Build | Mill |
| 7:05 | Create | Militia |
| 7:20 | Create | Militia |
| 7:32 | Create | Militia |
| 7:46 | Build | Mill |
| 8:06 | Create | Villager (Male) |
| 8:08 | Build | House |
| 8:51 | Age | Feudal Age |
| 8:53 | Research | Man-at-Arms (upgrade) |
| 8:54 | Research | Man-at-Arms (upgrade) |
| 9:02 | Create | Villager (Male) |
| 9:10 | Build | Palisade Wall |
| 9:11 | Build | Palisade Wall |
| 9:15 | Research | Double-Bit Axe |
| 9:39 | Create | Villager (Male) |
| 9:39 | Create | Villager (Male) |
| 9:51 | Build | Farm |
| 10:06 | Build | Archery Range |
| 10:16 | Build | Farm |
| 10:29 | Create | Villager (Male) |
| 10:38 | Build | Farm |
| 10:38 | Create | Villager (Male) |
| 10:40 | Create | Villager (Male) |
| 10:59 | Create | Skirmisher |
| 11:00 | Create | Villager (Male) |
| 11:02 | Build | House |
| 11:15 | Create | Skirmisher |
| 11:33 | Create | Skirmisher |
| 11:36 | Build | House |
| 11:39 | Create | Villager (Male) |
| 11:44 | Create | Villager (Male) |
| 11:50 | Create | Skirmisher |
| 11:56 | Build | Farm |
| 12:18 | Create | Villager (Male) |
| 12:40 | Create | Villager (Male) |
| 12:42 | Build | Blacksmith |
| 12:45 | Create | Skirmisher |
| 12:50 | Create | Villager (Male) |
| 12:53 | Build | House |
| 12:54 | Build | Palisade Wall |
| 13:21 | Create | Villager (Male) |
| 13:23 | Build | House |
| 13:24 | Research | Fletching |
| 13:28 | Create | Skirmisher |
| 13:39 | Create | Skirmisher |
| 13:41 | Build | Farm |
| 13:45 | Build | House |
| 13:46 | Build | Palisade Wall |
| 13:58 | Create | Villager (Male) |
| 14:00 | Create | Skirmisher |
| 14:00 | Create | Skirmisher |
| 14:07 | Create | Villager (Male) |
| 14:09 | Build | House |
| 14:28 | Research | Padded Archer Armor |
| 14:30 | Build | House |
| 14:31 | Build | House |
| 14:35 | Create | Skirmisher |
| 14:56 | Create | Villager (Male) |
| 15:06 | Create | Villager (Male) |
| 15:21 | Build | Farm |
| 15:21 | Build | Farm |
| 15:27 | Create | Skirmisher |
| 15:31 | Build | Farm |
| 15:31 | Build | Farm |
| 15:33 | Build | Farm |
| 15:34 | Build | Farm |
| 15:37 | Create | Skirmisher |
| 15:44 | Create | Villager (Male) |
| 15:46 | Build | Farm |
| 15:49 | Build | Farm |
| 16:04 | Build | Farm |
| 16:08 | Build | Palisade Wall |
| 16:16 | Create | Villager (Male) |
| 16:25 | Create | Villager (Male) |
| 16:32 | Build | House |
| 16:37 | Create | Skirmisher |
| 16:42 | Create | Villager (Male) |
| 16:56 | Create | Villager (Male) |
| 17:18 | Create | Skirmisher |
| 17:22 | Create | Villager (Male) |
| 17:33 | Create | Villager (Male) |
| 17:34 | Build | Farm |
| 17:35 | Build | Farm |
| 17:35 | Build | Farm |
| 17:46 | Create | Villager (Male) |
| 17:50 | Create | Villager (Male) |
| 17:57 | Build | Market |
| 19:02 | Build | House |
| 19:03 | Build | House |
| 19:15 | Research | Castle Age |
| 19:32 | Research | Horse Collar |
| 19:38 | Create | Villager (Male) |
| 19:47 | Create | Skirmisher |
| 19:48 | Create | Archer |
| 19:55 | Create | Villager (Male) |
| 20:01 | Create | Villager (Male) |
| 20:05 | Build | Archery Range |
| 20:08 | Build | Lumber Camp |
| 20:17 | Create | Villager (Male) |
| 20:18 | Create | Skirmisher |
| 20:26 | Create | Villager (Male) |
| 20:34 | Create | Villager (Male) |
| 20:41 | Create | Skirmisher |
| 20:45 | Create | Villager (Male) |
| 20:56 | Create | Villager (Male) |
| 20:59 | Create | Villager (Male) |
| 21:04 | Build | Stable |
| 21:06 | Build | Palisade Wall |
| 21:12 | Create | Skirmisher |
| 21:13 | Create | Skirmisher |
| 21:13 | Create | Villager (Male) |
| 21:14 | Create | Villager (Male) |
| 21:19 | Create | Villager (Male) |
| 21:32 | Build | Palisade Gate |
| 21:55 | Age | Castle Age |
| 21:57 | Build | University |
| 22:02 | Research | Bodkin Arrow |
| 22:03 | Research | Elite Skirmisher (upgrade) |
| 22:03 | Research | Elite Skirmisher (upgrade) |
| 22:06 | Create | Villager (Male) |
| 22:07 | Create | Villager (Male) |
| 22:10 | Build | Palisade Wall |
| 22:11 | Build | Palisade Wall |
| 22:12 | Build | Palisade Wall |
| 22:12 | Build | Palisade Wall |
| 22:13 | Build | Palisade Wall |
Build order — nW | Manuel
First 150 of 199 actions detected
| 0:00 | Create | Villager (Male) |
| 0:02 | Build | House |
| 0:03 | Build | House |
| 0:07 | Create | Villager (Male) |
| 0:14 | Create | Villager (Male) |
| 0:14 | Create | Villager (Male) |
| 1:23 | Create | Villager (Male) |
| 1:57 | Create | Villager (Male) |
| 1:57 | Create | Villager (Male) |
| 2:17 | Create | Villager (Male) |
| 2:17 | Create | Villager (Male) |
| 2:22 | Build | Lumber Camp |
| 2:41 | Create | Villager (Male) |
| 2:41 | Create | Villager (Male) |
| 3:10 | Create | Villager (Male) |
| 3:10 | Create | Villager (Male) |
| 3:10 | Create | Villager (Male) |
| 3:25 | Build | House |
| 3:56 | Create | Villager (Male) |
| 3:56 | Create | Villager (Male) |
| 3:56 | Create | Villager (Male) |
| 4:24 | Create | Villager (Male) |
| 4:25 | Create | Villager (Male) |
| 4:56 | Create | Villager (Male) |
| 4:56 | Create | Villager (Male) |
| 5:42 | Create | Villager (Male) |
| 5:42 | Create | Villager (Male) |
| 6:00 | Create | Villager (Male) |
| 6:01 | Research | Loom |
| 6:26 | Build | Mining Camp |
| 6:52 | Build | Barracks |
| 7:03 | Build | Barracks |
| 7:08 | Research | Feudal Age |
| 7:08 | Research | Feudal Age |
| 8:04 | Build | Palisade Wall |
| 8:05 | Build | Palisade Wall |
| 8:36 | Build | Palisade Wall |
| 8:37 | Build | Palisade Wall |
| 8:38 | Build | Palisade Wall |
| 8:38 | Build | Palisade Wall |
| 8:47 | Build | Palisade Wall |
| 8:48 | Build | Palisade Wall |
| 8:57 | Create | Villager (Male) |
| 9:18 | Age | Feudal Age |
| 9:20 | Build | Archery Range |
| 9:24 | Build | House |
| 9:49 | Create | Spearman |
| 9:56 | Build | House |
| 9:57 | Build | House |
| 9:59 | Create | Villager (Male) |
| 10:13 | Create | Archer |
| 10:14 | Create | Archer |
| 10:19 | Create | Villager (Male) |
| 10:28 | Build | House |
| 10:32 | Build | House |
| 10:42 | Create | Villager (Male) |
| 10:48 | Build | Mill |
| 11:02 | Build | House |
| 11:03 | Build | House |
| 11:19 | Create | Villager (Male) |
| 11:20 | Create | Archer |
| 11:26 | Build | Blacksmith |
| 11:27 | Build | Palisade Wall |
| 11:28 | Build | Palisade Wall |
| 11:38 | Build | Palisade Wall |
| 11:39 | Build | Palisade Wall |
| 11:41 | Build | Palisade Wall |
| 11:50 | Research | Double-Bit Axe |
| 11:51 | Create | Villager (Male) |
| 11:52 | Create | Archer |
| 11:53 | Create | Archer |
| 12:11 | Create | Archer |
| 12:16 | Create | Villager (Male) |
| 12:16 | Build | Farm |
| 12:27 | Research | Fletching |
| 12:29 | Create | Villager (Male) |
| 12:38 | Build | Farm |
| 12:39 | Build | Farm |
| 12:49 | Create | Skirmisher |
| 12:49 | Create | Skirmisher |
| 12:56 | Build | Palisade Wall |
| 12:57 | Build | Palisade Wall |
| 12:58 | Build | Palisade Wall |
| 13:00 | Build | Palisade Wall |
| 13:04 | Create | Villager (Male) |
| 13:10 | Build | Palisade Wall |
| 13:14 | Build | Palisade Wall |
| 13:18 | Create | Skirmisher |
| 13:18 | Create | Skirmisher |
| 13:30 | Build | Farm |
| 13:31 | Create | Villager (Male) |
| 13:31 | Create | Villager (Male) |
| 13:34 | Create | Skirmisher |
| 13:34 | Create | Skirmisher |
| 13:46 | Build | Palisade Wall |
| 13:51 | Build | Farm |
| 14:00 | Create | Villager (Male) |
| 14:15 | Create | Skirmisher |
| 14:16 | Build | Farm |
| 14:28 | Create | Skirmisher |
| 14:39 | Create | Villager (Male) |
| 14:39 | Create | Villager (Male) |
| 14:41 | Build | House |
| 14:53 | Research | Padded Archer Armor |
| 14:55 | Build | Farm |
| 14:57 | Build | Farm |
| 14:58 | Build | Farm |
| 15:00 | Build | Farm |
| 15:10 | Build | House |
| 15:17 | Build | Farm |
| 15:20 | Create | Skirmisher |
| 15:20 | Create | Skirmisher |
| 15:26 | Create | Villager (Male) |
| 15:37 | Create | Villager (Male) |
| 15:37 | Create | Villager (Male) |
| 15:45 | Build | Farm |
| 15:57 | Create | Skirmisher |
| 15:58 | Create | Skirmisher |
| 16:10 | Create | Villager (Male) |
| 16:16 | Build | House |
| 16:16 | Build | House |
| 16:28 | Create | Skirmisher |
| 16:40 | Build | Farm |
| 16:46 | Create | Skirmisher |
| 16:46 | Create | Skirmisher |
| 16:53 | Create | Villager (Male) |
| 17:18 | Create | Villager (Male) |
| 17:28 | Build | Archery Range |
| 17:40 | Create | Villager (Male) |
| 17:42 | Build | House |
| 18:02 | Create | Spearman |
| 18:02 | Create | Spearman |
| 18:06 | Build | House |
| 18:07 | Build | Palisade Wall |
| 18:13 | Create | Skirmisher |
| 18:13 | Create | Skirmisher |
| 18:17 | Build | House |
| 18:18 | Create | Villager (Male) |
| 18:24 | Create | Skirmisher |
| 18:24 | Create | Skirmisher |
| 18:49 | Create | Skirmisher |
| 18:50 | Create | Skirmisher |
| 18:50 | Create | Skirmisher |
| 18:55 | Create | Villager (Male) |
| 19:16 | Build | Lumber Camp |
| 19:25 | Create | Villager (Male) |
| 19:26 | Build | Farm |
| 19:28 | Build | Farm |
| 19:51 | Build | House |
| 19:57 | Research | Castle Age |
Match timeline
| 5:29 | DS_VarVa · first_building Barracks |
| 6:52 | nW | Manuel · first_building Barracks |
| 8:04 | nW | Manuel · wall_segment Palisade Wall x3 |
| 8:05 | nW | Manuel · wall_segment Palisade Wall x1 |
| 8:36 | nW | Manuel · wall_segment Palisade Wall x1 |
| 8:37 | nW | Manuel · wall_segment Palisade Wall x1 |
| 8:38 | nW | Manuel · wall_segment Palisade Wall x1 |
| 8:38 | nW | Manuel · wall_segment Palisade Wall x1 |
| 8:47 | nW | Manuel · wall_segment Palisade Wall x1 |
| 8:48 | nW | Manuel · wall_segment Palisade Wall x1 |
| 8:51 | DS_VarVa · age_up feudal |
| 9:10 | DS_VarVa · wall_segment Palisade Wall x1 |
| 9:11 | DS_VarVa · wall_segment Palisade Wall x1 |
| 9:18 | nW | Manuel · age_up feudal |
| 9:20 | nW | Manuel · first_building Archery Range |
| 10:06 | DS_VarVa · first_building Archery Range |
| 11:27 | nW | Manuel · wall_segment Palisade Wall x1 |
| 11:28 | nW | Manuel · wall_segment Palisade Wall x2 |
| 11:38 | nW | Manuel · wall_segment Palisade Wall x1 |
| 11:39 | nW | Manuel · wall_segment Palisade Wall x1 |
| 11:41 | nW | Manuel · wall_segment Palisade Wall x1 |
| 12:54 | DS_VarVa · wall_segment Palisade Wall x4 |
| 12:56 | nW | Manuel · wall_segment Palisade Wall x11 |
| 12:57 | nW | Manuel · wall_segment Palisade Wall x1 |
| 12:58 | nW | Manuel · wall_segment Palisade Wall x1 |
| 13:00 | nW | Manuel · wall_segment Palisade Wall x8 |
| 13:10 | nW | Manuel · wall_segment Palisade Wall x1 |
| 13:14 | nW | Manuel · wall_segment Palisade Wall x1 |
| 13:46 | nW | Manuel · wall_segment Palisade Wall x6 |
| 13:46 | DS_VarVa · wall_segment Palisade Wall x5 |
| 16:08 | DS_VarVa · wall_segment Palisade Wall x15 |
| 18:07 | nW | Manuel · wall_segment Palisade Wall x1 |
| 19:10 | DS_VarVa · first_market_buy 100 food |
| 19:11 | DS_VarVa · first_market_sell 100 wood |
| 21:03 | nW | Manuel · wall_segment Palisade Wall x1 |
| 21:04 | DS_VarVa · first_building Stable |
| 21:06 | DS_VarVa · wall_segment Palisade Wall x5 |
| 21:55 | DS_VarVa · age_up castle |
| 22:10 | DS_VarVa · wall_segment Palisade Wall x1 |
| 22:11 | DS_VarVa · wall_segment Palisade Wall x1 |
| 22:12 | DS_VarVa · wall_segment Palisade Wall x1 |
| 22:12 | DS_VarVa · wall_segment Palisade Wall x1 |
| 22:13 | DS_VarVa · wall_segment Palisade Wall x1 |
| 22:16 | DS_VarVa · wall_segment Palisade Wall x1 |
| 22:17 | DS_VarVa · wall_segment Palisade Wall x1 |
| 22:37 | nW | Manuel · age_up castle |
| 24:28 | nW | Manuel · wall_segment Palisade Wall x1 |
| 25:47 | nW | Manuel · resign |
[ AI ANALYSIS · 1 CREDIT ]
What really happened in this match?
Wolo.gg analyzes every decision: build order, eco, micro, common mistakes by bracket. Personalized analysis on WhatsApp or Discord in 30 seconds.
Civ guide
Japanese
Perfil
VarVarus (DS_VarVa)